 Dungeon Crawl Stone Soup version 0.26.1 (webtiles) character file.

Game seed: 2726686729781573423

2 snek11 the Insei (level 1, -1/13 HPs)
             Began as an Octopode Transmuter on Feb 6, 2021.
             Slain by a rat (2 damage)
             ... on level 1 of the Dungeon.
             The game lasted 00:00:57 (487 turns).

snek11 the Insei (Octopode Transmuter)               Turns: 487, Time: 00:00:57

Health: -1/13      AC:  1    Str:  9    XL:     1   Next: 40%
Magic:  3/3        EV: 13    Int: 15    God:
Gold:   24         SH:  0    Dex: 12    Spells: 3/4 levels left

rFire    . . .     SeeInvis .     - Unarmed
rCold    . . .     Faith    .   (no shield)
rNeg     . . .     Spirit   .   (helmet restricted)
rPois    .         Reflect  .   (no amulet)
rElec    .         Harm     .   (no ring)
rCorr    .         Rampage  .   (no ring)
Will     .....                  (no ring)
Stlth    ++........             (no ring)
HPRegen  0.04/turn              (no ring)
MPRegen  0.08/turn              (no ring)
                                (no ring)
                                (no ring)

@: no status effects
A: almost no armour, stealthy swim, amphibious, 8 rings, constrict 8, camouflage
1, gelatinous body 1
a: no special abilities


You were on level 1 of the Dungeon.
You visited 1 branch of the dungeon, and saw 1 of its levels.

You collected 24 gold pieces.

Inventory:

Scrolls
 a - a scroll of remove curse {unknown}
 c - 3 scrolls of identify {unknown}
Potions
 b - a potion of heal wounds {unknown}
 d - a potion of ambrosia {unknown}


   Skills:
 + Level 1.0 Fighting
 + Level 2.0 Dodging
 + Level 3.1 Unarmed Combat
 + Level 2.0 Spellcasting
 + Level 2.0 Transmutations


You had 3 spell levels left.
You knew the following spells:

 Your Spells              Type           Power        Failure   Level
a - Beastly Appendage     Tmut           14%          10%         1

Your spell library contained the following spells:

 Spells                   Type           Power        Failure   Level
 Wereblood                Tmut           7%           14%         2
 Spider Form              Tmut/Pois      2%           41%         3
 Ice Form                 Ice/Tmut       4%           82%         4
 Blade Hands              Tmut           3%           95%         5


Dungeon Overview and Level Annotations

Branches:
Dungeon (1/15)

Altars:


Innate Abilities, Weirdness & Mutations

You cannot wear most types of armour.
You are very stealthy in the water. (Stealth+)
You are amphibious.
You can wear up to eight rings at the same time.
You can use your tentacles to constrict eight enemies at once.
Your skin changes colour to match your surroundings (Stealth+).
Your rubbery body absorbs attacks. (AC +1, EV +1)


Message History

The bat hits you but does no damage. The rat closely misses you.
The hobgoblin barely misses you. The bat closely misses you.
The rat misses you.
The hobgoblin hits you but does no damage.
The bat barely misses you. The bat hits you but does no damage.
The rat closely misses you. The hobgoblin closely misses you.
The bat barely misses you. The bat hits you but does no damage.
The bat barely misses you. The rat bites you. The hobgoblin barely misses you.
The bat closely misses you. The rat barely misses you.
The hobgoblin closely misses you. The bat misses you. The rat bites you.
The hobgoblin hits you with a +0 club.
* * * LOW HITPOINT WARNING * * *
The bat closely misses you. The rat bites you.
* * * LOW HITPOINT WARNING * * *
The bat closely misses you. The hobgoblin closely misses you.
The bat closely misses you. The rat barely misses you. The bat misses you.
The bat closely misses you. The hobgoblin closely misses you.
The rat completely misses you. The bat misses you.
The hobgoblin barely misses you. The rat bites you.
You die...

♣♣..# ♣♣♣...#
♣♣.....# ###
♣♣......# ..#
♣.......# #.#
#♣.......# ####.#
#.........
#.g#.#####........
#@......$.........
#.r..........)....
#......#######♣♣♣♣
#.b....# ♣
#......# #........
........>..
##.........


You could see a hobgoblin, a bat and a rat.

Vanquished Creatures
  A leopard gecko (D:1)
  A rat (D:1)
2 creatures vanquished.

Notes
Turn   | Place    | Note
-------+----------+-------------------------------------------
     0 | D:1      | snek11 the Octopode Transmuter began the quest for the Orb.
     0 | D:1      | Reached XP level 1. HP: 13/13 MP: 3/3
   487 | D:1      | Slain by a rat

Illustrated notes

Levels and vault maps discovered:
D:1:      sevenhm_arrival_forest_fort_large_4, layout_basic

Action                   || total
-------------------------++-------
Melee: Unarmed           ||     3
       Kick              ||     3
       Constrict         ||     2
 Cast: Beastly Appendage ||     9
Armor: Skin              ||     5
Dodge: Dodged            ||    40
